 Dungeon Crawl Stone Soup version 0.23.1 (webtiles) character file.

Game seed: 6071923920435548803

201 Fang the Skirmisher (level 5, -11/51 HPs)
             Began as a Gargoyle Berserker on Mar 7, 2019.
             Was a Priest of Trog.
             Mangled by an orc warrior
             ... wielding a cursed -2 flail
              (21 damage)
             ... on level 4 of the Dungeon.
             The game lasted 00:03:31 (2743 turns).

Fang the Skirmisher (Gargoyle Berserker)            Turns: 2743, Time: 00:03:32

Health: -11/51     AC: 10    Str: 27    XL:     5   Next: 79%
Magic:  14/14      EV: 11    Int:  7    God:    Trog [***...]
Gold:   61         SH:  0    Dex:  9    Spells: 4/4 levels left

rFire    . . .     SeeInvis .   t - +0 hand axe (chop)
rCold    . . .     Gourm    .   (no shield)
rNeg     + . .     Faith    .   n - +0 scale mail
rPois    ∞         Spirit   .   (no helmet)
rElec    +         Reflect  .   (no cloak)
rCorr    .         Harm     .   (no gloves)
MR       .....                  (no boots)
Stlth    ..........             (no amulet)
HPRegen  0.17/turn              g - ring of magical power
MPRegen  0.14/turn              (no ring)

@: berserking, very quick
A: negative energy resistance 1, electricity resistance, unbreathing,
petrification resistance, rot immunity, AC +4
a: Berserk, Trog's Hand, Renounce Religion


You were on level 4 of the Dungeon.
You worshipped Trog.
Trog was most pleased with you.
You were hungry.

You visited 1 branch of the dungeon, and saw 4 of its levels.

You collected 152 gold pieces.
You spent 91 gold pieces at shops.

Inventory:

Hand Weapons
 a - a +0 hand axe
 t - a +0 hand axe of chopping (weapon)
Armour
 n - a +0 scale mail (worn)
Jewellery
 g - a ring of magical power (left hand)
Scrolls
 e - 2 scrolls of amnesia {unknown}
 h - a scroll of remove curse {unknown}
 i - a scroll of immolation {unknown}
 m - 4 scrolls of identify {unknown}
 q - 3 scrolls of enchant weapon {unknown}
 r - a scroll of enchant armour {unknown}
 u - 2 scrolls of teleportation {unknown}
Potions
 b - a potion of haste {unknown}
 d - a potion of agility {unknown}
 f - a potion of ambrosia {unknown}
 j - a potion of curing {unknown}
 k - 2 potions of degeneration {unknown}
 l - 3 potions of might {unknown}
 o - a potion of mutation {unknown}
 p - a potion of invisibility {unknown}
 s - a potion of magic {unknown}
 v - a potion of brilliance {unknown}
Comestibles
 c - 5 rations


   Skills:
 + Level 4.5 Fighting
 + Level 3.6 Axes
 + Level 3.6 Armour
 + Level 2.7 Dodging


You had 4 spell levels left.
You didn't know any spells.
Your spell library was empty.

Dungeon Overview and Level Annotations

Branches:
Dungeon (4/15)
 Temple: D:4-7

Altars:

Shops:
D:4 *[}


Innate Abilities, Weirdness & Mutations

You are resistant to torment.
Your stone body is resilient. (AC +4)
You are immune to poison.
You resist negative energy. (rN+)
You are resistant to electric shocks. (rElec)
You can survive without breathing.
You are immune to petrification.
You are immune to rotting.


Message History

The orc hits you with a +0 whip.
The orc warrior hits you with a cursed -2 flail!
* * * LOW HITPOINT WARNING * * *
You barely miss the orc warrior.
The orc warrior is moderately wounded.
You barely miss the orc priest. You slash the orc!
You kill the orc!
Trog accepts your kill.
Trog will now gift you ammunition as you gain piety.
You slash the adder skeleton!
The orc priest hits you but does no damage.
The adder skeleton closely misses you.
You hit the orc warrior.
The orc warrior is heavily wounded.
You slash the orc priest!
You kill the orc priest!
Trog accepts your kill.
You barely miss the adder skeleton.
The orc warrior hits you with a cursed -2 flail!!
You die...

#......(...#
...........#
...........#
#!.........#
......#....# ##
..........## ...
....#.∩.#.# ...
..........# ....
........#.@o# ....
..........Z))# ..##
...........o...
...##.................
......#...........##.##
.................## ...
............>..... ..#
.................. ..
.....#.#....


You could see an orc warrior, an orc and an adder skeleton.

Vanquished Creatures
  A hound (D:4)
  An orc priest (D:4)
  A gnoll (D:1)
  3 adders
  3 oozes
  A worm (D:3)
  A dart slug (D:2)
  2 leopard geckos
  6 orcs
  7 bats
  4 giant cockroaches
  10 goblins
  7 hobgoblins
  4 jackals (D:1)
  3 quokkas
  2 ball pythons
  6 frilled lizards
  7 kobolds
  11 rats
80 creatures vanquished.

Notes
Turn   | Place    | Note
-------+----------+-------------------------------------------
     0 | D:1      | Fang the Gargoyle Berserker began the quest for the Orb.
     0 | D:1      | Reached XP level 1. HP: 14/14 MP: 1/1
   117 | D:1      | Reached XP level 2. HP: 18/19 MP: 2/2
   203 | D:1      | Reached XP level 3. HP: 22/23 MP: 3/3
  1033 | D:2      | Reached ** piety under Trog
  1380 | D:2      | Reached XP level 4. HP: 29/29 MP: 4/4
  1461 | D:2      | Reached skill level 4 in Fighting
  2261 | D:3      | Reached XP level 5. HP: 24/33 MP: 5/5
  2586 | D:4      | Found Ympur's General Store.
  2586 | D:4      | Found Aphuozas's Antique Armour Emporium.
  2589 | D:4      | Bought a +0 hand axe of chopping for 91 gold pieces
  2722 | D:4      | Found Casmumit's Gadget Emporium.
  2732 | D:4      | Noticed an orc warrior
  2742 | D:4      | Reached *** piety under Trog
  2743 | D:4      | Mangled by an orc warrior

Skill      XL: |  1  2  3  4 |
---------------+-------------+-----
Axes           | 3 |  3.6
Dodging        | 2 |  2.7
Fighting       | 4 |  4.5
Armour         | 3 |  3.6

Action                   |  1- 3 |  4- 6 || total
-------------------------+-------+-------++-------
Melee: Hand axe          |    87 |   137 ||   224
Invok: Berserk           |     1 |     2 ||     3
 Stab: Sleeping          |       |     1 ||     1
  Eat: Chunk             |     2 |     6 ||     8
Armor: Animal skin       |    22 |    27 ||    49
       Scale mail        |       |    27 ||    27
Dodge: Dodged            |    85 |    98 ||   183
